 Dungeon Crawl Stone Soup version 0.17-a0-1949-g1acca9a (webtiles) character file.

101 StahL the Ruffian (level 4, -8/29 HPs)
             Began as a Gargoyle Monk on Oct 2, 2015.
             Mangled by an orc warrior
             ... wielding a +0 hand axe
              (14 damage)
             ... on level 3 of the Dungeon.
             The game lasted 00:04:47 (2773 turns).

StahL the Ruffian (Gargoyle Monk)                   Turns: 2773, Time: 00:04:47

Health: -8/29      AC: 13    Str: 15    XL:     4   Next: 75%
Magic:  4/4        EV:  7    Int: 11    God:
Gold:   57         SH:  0    Dex: 12    Spells: 0 memorised, 3 levels left

rFire  . . .     SeeInvis .     c - +0 mace
rCold  . . .     Clarity  .     n - +0 chain mail
rNeg   + . .     SustAt   .     (no shield)
rPois  ∞         Gourm    .     (no helmet)
rElec  +         Spirit   .     l - +0 cloak
rCorr  .         Warding  .     (no gloves)
rMut   .         Stasis   .     (no boots)
MR     .....                    (no amulet)
Stlth  ..........               (no ring)
                                (no ring)

@: slowed, very slow, not resistant to hostile enchantments, extremely
unstealthy
A: negative energy resistance 1, electricity resistance, unbreathing,
petrification resistance, rot immunity, AC +3
a: no special abilities


You were on level 3 of the Dungeon.
You were not hungry.

You visited 1 branch of the dungeon, and saw 3 of its levels.

You collected 57 gold pieces.

Inventory:

Hand weapons
 c - a +0 mace (weapon)
 p - a +0 whip
Armour
 l - a +0 cloak (worn)
 n - a +0 chain mail (worn)
Jewellery
 h - an uncursed ring of positive energy {unknown}
 o - a cursed ring of loudness {unknown}
Scrolls
 i - 2 scrolls of fog {unknown}
 j - a scroll of remove curse {unknown}
Potions
 a - a potion of curing {unknown}
 d - 2 potions of flight {unknown}
 e - a potion of beneficial mutation {unknown}
 g - 2 potions of might {unknown}
 k - a potion of degeneration {unknown}
 m - a potion of cancellation {unknown}
Comestibles
 b - 2 bread rations
 f - 2 meat rations


   Skills:
 + Level 3.7 Fighting
 * Level 2.0 Maces & Flails
 * Level 2.1 Armour
 + Level 2.9 Dodging
 + Level 2.5 Stealth
 - Level 4.0 Unarmed Combat


You had 3 spell levels left.
You didn't know any spells.

Dungeon Overview and Level Annotations

Branches:
Dungeon (3/15)

Altars:
Gozag


Innate Abilities, Weirdness & Mutations

You are resistant to torment.
Your stone body is resilient (AC +3).
You are immune to poison.
You resist negative energy.
You are resistant to electric shocks.
You can survive without breathing.
You are immune to petrification.
You are immune to rotting.


Message History

The orc wizard blinks!
The orc wizard mumbles some strange words.
The orc wizard blinks!
The orc warrior hits you but does no damage.
The orc wizard is no longer moving quickly.
The orc wizard casts a spell at you.
You feel yourself slow down.
The orc warrior hits you with a hand axe!
* * * LOW HITPOINT WARNING * * *
The orc warrior hits you but does no damage.
The orc wizard points at you and mumbles some strange words.
You feel as though you will be slow longer.
The orc warrior barely misses you.
Drink which item? (? for menu, Esc to quit)
Okay, then.
The orc wizard gestures wildly while chanting.
The orc wizard blinks!
The orc warrior hits you but does no damage.
The orc warrior hits you with a hand axe!
You die...

#########.##.#.##.#
......#.#..o..÷##.#
.o......#..#.####.#
#####.#.#.o#.####.#
#)...#.#..#....#.##
#)#.o#.#..####....############
##.#oo#.#..# #...............#
...#..#.#..# #.§.#.#########.#
...#..#.#..# #o@........#..#.#
...#..#.#..# #...#.#..#.#..#.#
...#..#.#..# #.......(# #..#.#
##.#.......# #.o..#..## #..#.#
#.#.......# #......... #(.#.#
#.#..)....# #...########.<#.#
.#.......# #<... ........#.#
#.......# #...#########.#.#
.........# #.#..########.#.#


You could see an orc warrior and an orc wizard.

Vanquished Creatures
  An orc wizard (D:3)
  An adder (D:1)
  A worm (D:2)
  3 giant geckos
  4 orcs (D:3)
  A ball python (D:1)
  5 bats
  3 giant cockroaches
  8 hobgoblins
  2 jackals (D:3)
  5 giant newts
  6 goblins
  5 kobolds
  5 rats
50 creatures vanquished.

Notes
Turn   | Place    | Note
--------------------------------------------------------------
     0 | D:1      | StahL the Gargoyle Monk began the quest for the Orb.
     0 | D:1      | Reached XP level 1. HP: 14/14 MP: 1/1
   547 | D:1      | Reached XP level 2. HP: 17/19 MP: 2/2
   671 | D:1      | Reached skill level 1 in Armour
  1122 | D:1      | Reached XP level 3. HP: 23/23 MP: 3/3
  1416 | D:2      | Reached skill level 1 in Maces & Flails
  1592 | D:2      | Found an opulent altar of Gozag.
  2433 | D:3      | Reached XP level 4. HP: 28/28 MP: 4/4
  2709 | D:3      | Noticed an orc warrior
  2773 | D:3      | Mangled by an orc warrior

Vault maps used:
D:1:      saegor_arrival_simple_b
D:2:      nicolae_gozag_seed_capital
D:3:      gammafunk_temple_overflow_elements, lexackson_kobold_supper,
          uniq_terence

Action                   |  1- 3 |  4- 6 || total
-------------------------+-------+-------++-------
Melee: Club              |   174 |       ||   174
       Unarmed           |     1 |       ||     1
       Whip              |    18 |       ||    18
       Mace              |    10 |    36 ||    46
 Stab: Sleeping          |     1 |       ||     1
       Distracted        |     1 |       ||     1
  Eat: Chunk             |     2 |       ||     2
       Bread ration      |     1 |       ||     1
